 Dungeon Crawl Stone Soup version 0.23.0-3-gf3c87f2df8 (webtiles) character file.

Game seed: 2300446434091931227

66125 PikkenKukken the Basher (level 15, -11/93 HPs)
             Began as a Tengu Fighter on Feb 22, 2019.
             Was a High Priest of Qazlal.
             Mangled by a tyrant leech (16 damage)
             ... on level 6 of the Lair of Beasts.
             The game lasted 00:52:49 (21851 turns).

PikkenKukken the Basher (Tengu Fighter)            Turns: 21851, Time: 00:52:49

Health: -11/93     AC: 23    Str: 18    XL:     15   Next: 18%
Magic:  21/25      EV:  8    Int:  9    God:    Qazlal [*****.]
Gold:   1061       SH: 25    Dex: 18    Spells: 14/14 levels left

rFire    . . .     SeeInvis .   J - +2 morningstar (drain)
rCold    . . .     Gourm    .   w - +2 large shield
rNeg     . . .     Faith    +   u - +0 plate armour
rPois    +         Spirit   .   I - +0 hat
rElec    .         Reflect  .   (no cloak)
rCorr    .         Harm     .   X - +2 pair of gloves
MR       +....                  (boots unavailable)
Stlth    ..........             S - amulet of faith
HPRegen  0.25/turn              M - ring of poison resistance
MPRegen  0.19/turn              P - +2 ring of protection

@: protected from physical damage, flying quickly and evasively, repel missiles,
quick
A: beak, talons 3, able to fly
a: Stop Flying, Upheaval, Elemental Force, Disaster Area, Renounce Religion


You were on level 6 of the Lair of Beasts.
You worshipped Qazlal.
Qazlal was extremely pleased with you.
You were very hungry.

You visited 2 branches of the dungeon, and saw 16 of its levels.
You also visited: Ossuary.

You collected 1331 gold pieces.
You spent 270 gold pieces at shops.

Inventory:

Hand Weapons
 J - a +2 morningstar of draining (weapon)
Missiles
 D - 4 throwing nets (quivered)
Armour
 u - a +0 plate armour (worn)
 w - a +2 large shield (worn)
 I - a +0 hat (worn)
 W - +0 ice dragon scales
 X - a +2 pair of gloves (worn)
Jewellery
 y - an uncursed ring of resist corrosion
 A - a +6 amulet of reflection
 M - a ring of poison resistance (left hand)
 P - a +2 ring of protection (right hand)
 S - an amulet of faith (around neck)
Wands
 a - a wand of iceblast (18)
 o - a wand of polymorph (24)
 v - a wand of clouds (7)
 B - a wand of acid (3)
 N - a wand of random effects (35)
 O - a wand of enslavement (11)
 T - a wand of digging (6)
 U - a wand of flame (14)
 V - a wand of disintegration (8)
Scrolls
 e - 4 scrolls of identify
 r - 5 scrolls of blinking
 t - 3 scrolls of remove curse
 x - 3 scrolls of magic mapping
 C - 3 scrolls of amnesia
 F - 6 scrolls of teleportation
 G - a scroll of enchant armour
 Q - a scroll of silence
Potions
 d - 2 potions of might
 h - 6 potions of brilliance
 i - 6 potions of flight
 j - 2 potions of mutation
 m - 2 potions of haste
 p - a potion of heal wounds
 q - 2 potions of resistance
 s - 2 potions of agility
 z - 4 potions of lignification
 E - 3 potions of curing
 H - a potion of berserk rage
 L - 2 potions of invisibility
 R - 2 potions of ambrosia
Miscellaneous
 b - a sack of spiders
Comestibles
 f - 40 rations


   Skills:
 + Level 10.8 Fighting
 - Level 14.0 Maces & Flails
 + Level 11.7 Armour
 - Level 6.1 Dodging
 - Level 10.0 Shields
 * Level 12.0 Invocations
 - Level 6.0 Evocations


You had 14 spell levels left.
You didn't know any spells.
Your spell library contained the following spells:

 Spells                   Type           Power        Failure   Level  Hunger
 Confusing Touch          Hex            #.....       100%        1    ##.....
 Flame Tongue             Conj/Fire      #....        100%        1    ##.....
 Shock                    Conj/Air       #...         100%        1    ##.....
 Summon Small Mammal      Summ           #...         100%        1    ##.....
 Call Imp                 Summ           #.......     100%        2    ###....
 Swiftness                Chrm/Air       #.......     100%        2    ###....
 Throw Flame              Conj/Fire      #.....       100%        2    ###....
 Call Canine Familiar     Summ           #.......     100%        3    ####...
 Confuse                  Hex            #.......     100%        3    ####...
 Conjure Flame            Conj/Fire      #.......     100%        3    ####...
 Gell's Gravitas          Tloc           #.........   100%        3    ####...
 Inner Flame              Hex/Fire       #.......     100%        3    ####...
 Static Discharge         Conj/Air       #.......     100%        3    ####...
 Summon Guardian Golem    Hex/Summ       #.......     100%        3    ####...
 Airstrike                Air            #.........   100%        4    #####..
 Petrify                  Tmut/Erth      #.......     100%        4    #####..
 Sticky Flame             Conj/Fire      #.......     100%        4    #####..
 Summon Ice Beast         Ice/Summ       #.......     100%        4    #####..
 Summon Lightning Spire   Summ/Air       #.......     100%        4    #####..
 Fireball                 Conj/Fire      #.........   100%        5    ######.
 Lightning Bolt           Conj/Air       #.........   100%        5    ######.
 Metabolic Englaciation   Hex/Ice        #.........   100%        5    ######.
 Yara's Violent Unravell  Hex/Tmut       #.........   100%        5    ######.


Dungeon Overview and Level Annotations

Branches:
Dungeon (10/15)            Temple (0/1) D:7            Lair (6/6) D:9
 Shoals (0/4) Lair:3        Snake (0/4) Lair:3        Slime (0/5) Lair:6
    Orc: D:9-12

Altars:
Ashenzari
Cheibriados
Dithmenos
Elyvilon
Gozag
Kikubaaqudgha
Makhleb
Nemelex Xobeh
Okawaru
Qazlal
Ru
Sif Muna
Trog
Uskayaw
Yredelemnul
The Shining One

Shops:
D:4 *   D:7 *   D:9 (

Annotations:
D:7 2 transporters, chimenez's ghost, novice TrHu


Innate Abilities, Weirdness & Mutations

You have a beak for a mouth.
You have claws for feet.
You can fly continuously.


Message History

The tyrant leech is engulfed in blazing flames.
The tyrant leech bites you!!
* * * LOW HITPOINT WARNING * * *
The tyrant leech draws strength from your injuries!
Unknown command.
You hit the tyrant leech but do no damage.
Your kick misses the tyrant leech.
The tyrant leech is heavily wounded.
You bludgeon the tyrant leech!!
The tyrant leech is almost dead.
The tyrant leech bites you!!
* * * LOW HITPOINT WARNING * * *
The tyrant leech draws strength from your injuries!
Unknown command.
You miss the tyrant leech.
You claw the tyrant leech, but do no damage.
The tyrant leech is severely wounded.
The tyrant leech is engulfed in freezing vapours.
The tyrant leech bites you!
You die...

# ##...####...##
##........#.#
####.......######
##.#......#.# ..##
#.#....###### ...#
###.....## ..#
#.....#..#### ###..#
....###.....###.w.!#
...## ##....(...@.#
#### #####..°!### #
######


You could see a tyrant leech.

Vanquished Creatures
  Gastronok (D:8)
  An entropy weaver (Lair:5)
  A hydra (Lair:5)
  Harold (D:7)
  2 ice dragons
  A catoblepas (Lair:5)
  5 death yaks
  3 two-headed ogres
  A tengu warrior (D:10)
  A queen ant (Lair:5)
  3 lindwurms
  Pikel (D:8)
  5 oklob plants
  Joseph (D:7)
  20 elephants
  8 black mambas
  5 torpor snails (Lair:6)
  14 spiny frogs
  2 rime drakes
  5 komodo dragons
  7 hornets
  4 polar bears (Lair:5)
  2 trolls (D:10)
  16 blink frogs
  2 tyrant leeches (Lair:6)
  5 hippogriffs
  19 dream sheep
  Prince Ribbit (D:7)
  57 yaks
  3 wyverns
  Edmund (D:4)
  A hungry ghost (D:4)
  Menkaure (D:4)
  8 nagas (Lair:3)
  13 soldier ants (Lair:5)
  9 water moccasins
  4 porcupines
  2 orc warriors
  A slave (D:8)
  A black bear (D:9)
  5 necrophages
  A phantom (D:8)
  2 ogres
  25 wolves
  2 centaurs
  15 crocodiles
  7 bullfrogs
  5 scorpions
  6 killer bees (D:8)
  5 wights (D:8)
  An electric eel (Lair:2)
  A crimson imp (D:9)
  7 howler monkeys
  6 hounds
  A bullfrog zombie (D:7)
  2 centaur zombies
  2 jellies (D:5)
  2 orc priests
  An iguana (D:5)
  8 orc wizards
  2 bullfrog skeletons
  Jessica (D:3)
  Natasha (thrice) (D:3)
  3 centaur skeletons
  29 worker ants
  7 big kobold zombies (Ossuary)
  A hound zombie (D:3)
  A hound skeleton (D:9)
  A mummy (Ossuary)
  3 gnolls (D:6)
  7 adders
  2 shadow imps (D:6)
  2 oozes (D:1)
  An adder skeleton (D:7)
  A dart slug (D:2)
  5 leopard geckos
  47 orcs
  3 spectral bats (Ossuary)
  5 ball pythons
  7 giant cockroaches
  5 gnoll zombies (Ossuary)
  9 goblins
  7 hobgoblins
  14 jackals
  10 kobolds
  2 quokkas (D:7)
  6 bats
  6 frilled lizards
  2 goblin simulacra (Ossuary)
  2 goblin zombies (Ossuary)
  10 hobgoblin zombies (Ossuary)
  A jackal skeleton (D:4)
  A kobold simulacrum (Ossuary)
  3 kobold zombies (Ossuary)
  A leopard gecko skeleton (D:6)
  3 orc zombies (Ossuary)
  8 rats
  3 rat simulacra (Ossuary)
  3 spectral goblins (Ossuary)
  4 spectral kobolds (Ossuary)
  4 spectral rats (Ossuary)
  A plant (Lair:3)
578 creatures vanquished.

Vanquished Creatures (collateral kills)
  An entropy weaver (Lair:5)
  2 oklob plants (Lair:3)
  An elephant (Lair:6)
  A torpor snail (Lair:6)
  A dream sheep (Lair:6)
  7 soldier ants (Lair:5)
  3 water moccasins (Lair:6)
  A porcupine (Lair:3)
  3 wolves (Lair:3)
  2 worker ants (Lair:5)
22 creatures vanquished.

Vanquished Creatures (others)
  An orc wizard (D:3)
  A bat simulacrum (Ossuary)
  A goblin simulacrum (Ossuary)
  2 kobold simulacra (Ossuary)
  2 rat simulacra (Ossuary)
  8 bushes (Lair:2)
  8 fungi
  22 plants
45 creatures vanquished.

Grand Total: 645 creatures vanquished

Notes
Turn   | Place    | Note
-------+----------+-------------------------------------------
     0 | D:1      | PikkenKukken the Tengu Fighter began the quest for the Orb.
     0 | D:1      | Reached XP level 1. HP: 14/14 MP: 2/2
    51 | D:1      | Reached XP level 2. HP: 19/19 MP: 3/3
   183 | D:1      | Reached XP level 3. HP: 18/23 MP: 4/4
   289 | D:1      | Reached skill level 3 in Maces & Flails
   543 | D:1      | Reached skill level 1 in Dodging
   671 | D:2      | Found a shadowy altar of Dithmenos.
   734 | D:2      | Reached XP level 4. HP: 22/28 MP: 5/5
  1169 | D:2      | Found a deep blue altar of Sif Muna.
  1296 | D:2      | Found a sparkling altar of Nemelex Xobeh.
  1637 | D:3      | Noticed a bullfrog
  1643 | D:3      | Killed a bullfrog
  1643 | D:3      | Reached skill level 4 in Maces & Flails
  1643 | D:3      | Gained mutation: You can fly continuously. [Tengu growth]
  1643 | D:3      | Reached XP level 5. HP: 18/32 MP: 6/6
  1984 | D:3      | Reached XP level 6. HP: 10/38 MP: 7/7
  2377 | D:3      | Noticed Natasha
  2387 | D:3      | Killed Natasha
  2553 | D:3      | Noticed Natasha
  2564 | D:3      | Killed Natasha
  2600 | D:3      | Noticed Jessica
  2605 | D:3      | Killed Jessica
  2663 | D:3      | Noticed Natasha
  2676 | D:3      | Killed Natasha
  3101 | D:4      | Reached skill level 5 in Maces & Flails
  3104 | D:4      | Reached XP level 7. HP: 43/43 MP: 8/8
  3294 | D:4      | Found a transporter.
  3295 | D:4      | Noticed a hungry ghost
  3297 | D:4      | Found a basalt altar of Yredelemnul.
  3299 | D:4      | Noticed Menkaure
  3301 | D:4      | Found an ancient bone altar of Kikubaaqudgha.
  3385 | D:4      | Reached skill level 1 in Evocations
  3686 | D:4      | Found Caoch's General Store.
  3762 | D:4      | Found a transporter.
  3924 | D:4      | Noticed Edmund
  3931 | D:4      | Killed Edmund
  4009 | D:5      | Entered Level 5 of the Dungeon
  4217 | D:5      | Found an iron altar of Okawaru.
  4272 | D:5      | Found a sparkling altar of Nemelex Xobeh.
  4563 | D:5      | Reached XP level 8. HP: 48/48 MP: 10/10
  4601 | D:5      | Reached skill level 6 in Maces & Flails
  4601 | D:5      | Reached skill level 5 in Armour
  5055 | D:6      | Found a burning altar of Makhleb.
  5055 | D:6      | Found a shattered altar of Ashenzari.
  5225 | D:6      | Found a stormy altar of Qazlal.
  5225 | D:6      | Found a snail-covered altar of Cheibriados.
  5232 | D:6      | Became a worshipper of Qazlal Stormbringer
  5362 | D:6      | Reached skill level 1 in Invocations
  5799 | D:7      | Noticed Prince Ribbit
  5820 | D:7      | Killed Prince Ribbit
  5820 | D:7      | Reached skill level 5 in Fighting
  5820 | D:7      | Reached skill level 5 in Shields
  5999 | D:7      | Noticed Joseph
  6017 | D:7      | Killed Joseph
  6017 | D:7      | Reached skill level 7 in Maces & Flails
  6017 | D:7      | Reached XP level 9. HP: 39/54 MP: 12/12
  6241 | D:7      | Found Idghinoeg's Assorted Antiques.
  6244 | D:7      | Bought a scroll of identify for 54 gold pieces
  6244 | D:7      | Bought a brass ring for 135 gold pieces
  6244 | D:7      | Bought a potion of curing for 81 gold pieces
  6272 | D:7      | Found a transporter.
  6274 | D:7      | Found a transporter.
  6274 | D:7      | Noticed chimenez's ghost (novice TrHu)
  6284 | D:7      | Found a staircase to the Ecumenical Temple.
  6287 | D:7      | Noticed a two-headed ogre
  6601 | D:7      | Reached * piety under Qazlal
  6692 | D:7      | Killed a two-headed ogre
  6692 | D:7      | Reached skill level 8 in Maces & Flails
  6953 | D:7      | Noticed Harold
  6969 | D:7      | Reached skill level 5 in Dodging
  7187 | D:7      | Killed Harold
  7187 | D:7      | Reached XP level 10. HP: 60/60 MP: 12/14
  7221 | D:7      | Reached ** piety under Qazlal
  7273 | D:8      | Noticed a two-headed ogre
  7412 | D:8      | Found a sand-covered staircase.
  7419 | Ossuary  | Entered an ossuary
  7565 | Ossuary  | Reached *** piety under Qazlal
  7866 | D:8      | Killed a two-headed ogre
  7866 | D:8      | Reached skill level 9 in Maces & Flails
  8068 | D:8      | Noticed Gastronok
  8081 | D:8      | Killed Gastronok
  8081 | D:8      | Reached skill level 5 in Evocations
  8081 | D:8      | Reached XP level 11. HP: 52/66 MP: 5/15
  8505 | D:8      | Noticed Pikel
  8519 | D:8      | Killed Pikel
  8884 | D:9      | Reached skill level 5 in Invocations
  8893 | D:9      | Noticed a +0 dagger
  8893 | D:9      | Noticed a +0 dagger
  8894 | D:9      | Found a hide-covered altar of Uskayaw.
  8917 | D:9      | Found an opulent altar of Gozag.
  9128 | D:9      | Reached skill level 10 in Maces & Flails
  9207 | D:9      | Found a sacrificial altar of Ru.
  9209 | D:9      | Found a bloodstained altar of Trog.
  9222 | D:9      | Found a white marble altar of Elyvilon.
  9301 | D:9      | Found a staircase to the Lair.
  9374 | D:9      | Found Qoedom Pannu's Antique Weapon Emporium.
  9443 | D:9      | Found a glowing golden altar of the Shining One.
  9475 | D:10     | Entered Level 10 of the Dungeon
  9477 | D:10     | Noticed a two-headed ogre
  9544 | D:10     | Found a white marble altar of Elyvilon.
  9814 | D:10     | Killed a two-headed ogre
 10040 | D:10     | Noticed a tengu warrior
 10062 | D:10     | Killed a tengu warrior
 10499 | D:4      | Killed Menkaure
 10874 | Lair:1   | Entered Level 1 of the Lair of Beasts
 10995 | Lair:1   | Reached **** piety under Qazlal
 11194 | Lair:1   | Noticed an oklob plant
 11200 | Lair:1   | Reached XP level 12. HP: 72/72 MP: 17/17
 11211 | Lair:1   | Reached skill level 11 in Maces & Flails
 13091 | Lair:3   | Reached skill level 12 in Maces & Flails
 13574 | Lair:3   | Reached XP level 13. HP: 78/79 MP: 20/20
 13777 | Lair:3   | Found a staircase to the Snake Pit.
 14112 | Lair:3   | Found a staircase to the Shoals.
 15928 | Lair:4   | Reached skill level 13 in Maces & Flails
 16450 | Lair:5   | Reached skill level 10 in Armour
 16731 | Lair:5   | Noticed an entropy weaver
 16737 | Lair:5   | Killed an entropy weaver
 16798 | Lair:5   | Noticed an entropy weaver
 16810 | Lair:5   | Killed an entropy weaver
 16860 | Lair:5   | Reached XP level 14. HP: 33/86 MP: 22/22
 16877 | Lair:5   | Reached skill level 10 in Invocations
 17883 | Lair:5   | Reached ***** piety under Qazlal
 18020 | Lair:6   | Entered Level 6 of the Lair of Beasts
 18021 | Lair:6   | Reached skill level 14 in Maces & Flails
 18470 | Lair:6   | Reached skill level 10 in Fighting
 18744 | Lair:5   | Reached skill level 10 in Shields
 19632 | Lair:6   | Reached XP level 15. HP: 93/93 MP: 24/24
 21530 | Lair:6   | Found a staircase to the Slime Pits.
 21698 | Lair:6   | Found a runed translucent door.
 21851 | Lair:6   | Mangled by a tyrant leech

Skill      XL: |  1  2  3  4  5  6  7  8  9 10 11 12 13 14 15 |
---------------+----------------------------------------------+-----
Maces & Flails | 3 4 5 7 8 9 10 12 13 14 | 14.0
Dodging        | 1 2 3 4 5 6 |  6.1
Armour         | 4 5 6 7 8 9 10 11 | 11.7
Fighting       | 4 5 6 7 8 9 10 | 10.8
Shields        | 4 5 6 7 8 9 10 | 10.0
Evocations     | 1 3 4 5 6 |  6.0
Invocations    | 1 3 4 6 8 9 11 12 | 12.0

Action                   |  1- 3 |  4- 6 |  7- 9 | 10-12 | 13-15 || total
-------------------------+-------+-------+-------+-------+-------++-------
Melee: Flail             |    74 |   120 |   239 |   456 |       ||   889
       Peck              |    10 |    17 |    47 |   136 |   227 ||   437
       Kick              |    15 |    31 |    68 |   233 |   344 ||   691
       Unarmed           |       |    10 |       |       |       ||    10
       Morningstar       |       |       |       |   203 |   815 ||  1018
Invok: Upheaval          |       |       |       |     7 |     6 ||    13
       Elemental Force   |       |       |       |     2 |     5 ||     7
       Disaster Area     |       |       |       |       |     1 ||     1
 Abil: Fly               |       |     1 |       |       |       ||     1
Evoke: Wand              |       |       |     8 |     7 |     1 ||    16
  Use: Scroll            |     2 |     6 |    14 |     6 |    12 ||    40
       Potion            |       |       |     2 |       |     4 ||     6
 Stab: Confused          |       |     1 |       |       |       ||     1
       Distracted        |       |       |       |       |     2 ||     2
  Eat: Chunk             |       |     7 |    13 |    12 |    18 ||    50
       Ration            |       |       |       |     3 |     2 ||     5
Armor: Scale mail        |    33 |    27 |       |       |       ||    60
       Chain mail        |       |    25 |    78 |    55 |       ||   158
       Skin              |       |     1 |       |       |       ||     1
       Plate armour      |       |       |       |    53 |   120 ||   173
       Ice dragon scales |       |       |       |       |    61 ||    61
Dodge: Dodged            |    28 |    33 |    50 |    48 |   144 ||   303
       Deflected         |       |       |       |     1 |     2 ||     3
Block: Shield            |    49 |    53 |    74 |       |       ||   176
       Large shield      |       |       |    66 |   719 |   917 ||  1702
       Reflection        |       |       |    11 |    14 |     6 ||    31
